 Dungeon Crawl Stone Soup version 0.20.1-1-g8b1a95d (webtiles) character file.

51791 NoNouf the Thaumaturge (level 14, -7/160 HPs)
             Began as a Black Draconian Transmuter on Aug 8, 2017.
             Was a High Priest of Ashenzari.
             Mangled by a wolf spider (9 damage)
             ... on level 6 of the Lair of Beasts on Aug 10, 2017.
             The game lasted 04:06:30 (28837 turns).

NoNouf the Thaumaturge (DrTm)                      Turns: 28837, Time: 04:06:32

Health: -7/160     AC:  6    Str: 18    XL:     14   Next: 24%
Magic:  27/30      EV: 18    Int: 15    God:    Ashenzari [*****.]
Gold:   1287       SH:  0    Dex: 18    Spells: 15/37 levels left

rFire    x x .     SeeInvis +     - Unarmed
rCold    + + +     Gourm    .   (shield currently unavailable)
rNeg     . . .     Faith    .   (armour unavailable)
rPois    +         Spirit   .   (helmet currently unavailable)
rElec    .         Reflect  .   (cloak currently unavailable)
rCorr    .         Harm     .   (gloves currently unavailable)
MR       +++..     Clarity  +   (boots currently unavailable)
Stlth    +++.......             H - amulet "Raurch" {RegenMP rPois rF- MR++ Str+4} (curse)
Regen    0.4/turn               s - +4 ring of dexterity (curse)
MPRegen  0.4/turn               t - ring of Bacufud {rC+ SInv} (curse)

@: lethally poisoned (-7 -> -13), ice-form, hasted, very quick
A: (breathe lightning), unfitting armour, robust 1, subdued magic 1, AC +8
a: End Transformation, Curse Item, Scrying, Transfer Knowledge, Renounce
Religion


You were on level 6 of the Lair of Beasts.
You worshipped Ashenzari.
Ashenzari was extremely pleased with you.
You were not hungry.
You were a creature of crystalline ice.
You visited 3 branches of the dungeon, and saw 18 of its levels.
You also visited: Labyrinth and Ossuary.

You collected 1287 gold pieces.

Inventory:

Hand Weapons
 i - a +2 dagger of holy wrath
Missiles
 a - 108 arrows (quivered)
Armour
 d - a +1 pair of boots (melded)
 C - a +1 pair of gloves (melded)
Jewellery
 k - an uncursed ring of stealth
 m - an uncursed ring of resist corrosion
 p - an uncursed ring of flight
 s - a cursed +4 ring of dexterity (left front paw)
 t - the cursed ring of Bacufud (right front paw) {rC+ SInv}
   (You found it on level 4 of the Dungeon)

   [ring of see invisible]

   It protects you from cold.
   It lets you see invisible.
   It has a curse placed upon it.
 v - an uncursed amulet of guardian spirit
 A - an uncursed ring of protection from magic
 B - a +1 ring of evasion
 H - the cursed amulet "Raurch" (around neck) {RegenMP rPois rF- MR++ Str+4}
   (You found it in a labyrinth)

   [amulet of magic regeneration]

   It increases your magic regeneration.
   It affects your strength (+4).
   It makes you vulnerable to fire.
   It protects you from poison.
   It affects your resistance to hostile enchantments.
   It has a curse placed upon it.
 X - the ring of Kindness {rF- rN++ AC+5}
   (You found it on level 6 of the Lair of Beasts)

   [ring of protection]

   It affects your AC (+5).
   It makes you vulnerable to fire.
   It greatly protects you from negative energy.
Wands
 f - a wand of digging (17/24)
 g - a wand of iceblast (7/15)
 n - a wand of random effects (7/48)
 u - a wand of confusion (47/48)
 z - a wand of flame (17/48)
 E - a wand of enslavement (3/24)
 G - a wand of polymorph (8/24)
 K - a wand of iceblast (10/15)
 L - a wand of iceblast (10/15)
 M - a wand of lightning (5/15)
 N - a wand of polymorph (8/24)
 O - a wand of confusion (20/48)
 Q - a wand of random effects (32/48)
 R - a wand of random effects (17/48)
 T - a wand of lightning (6/15)
 V - a wand of iceblast (1/15)
 Z - a wand of iceblast (9/15)
Scrolls
 e - 3 scrolls of identify
 h - 3 scrolls of magic mapping
 o - 6 scrolls of remove curse
 q - 3 scrolls of enchant armour
 w - a scroll of amnesia
 y - 2 scrolls of recharging
Potions
 l - 5 potions of brilliance
 r - 3 potions of magic
 J - 2 potions of resistance
Books
 b - a book of Changes

   Spells                             Type                      Level
   a - Beastly Appendage              Transmutation                1
   b - Sticks to Snakes               Transmutation                2
   c - Spider Form                    Transmutation/Poison         3
   d - Ice Form                       Ice/Transmutation            4
   e - Blade Hands                    Transmutation                5
 D - a book of Debilitation

   Spells                             Type                      Level
   a - Corona                         Hexes                        1
   b - Slow                           Hexes                        2
   c - Inner Flame                    Hexes/Fire                   3
   d - Portal Projectile              Hexes/Translocation          3
   e - Cause Fear                     Hexes                        4
   f - Leda's Liquefaction            Hexes/Earth                  4
 F - the Guide on Ice and Calling
   (You found it on level 6 of the Lair of Beasts)

   Spells                             Type                      Level
   a - Summon Butterflies             Summoning                    1
   b - Ensorcelled Hibernation        Hexes/Ice                    2
   c - Summon Ice Beast               Ice/Summoning                4
   d - Bolt of Cold                   Conjuration/Ice              6
   e - Summon Hydra                   Summoning                    7
 I - a book of Maledictions

   Spells                             Type                      Level
   a - Corona                         Hexes                        1
   b - Ensorcelled Hibernation        Hexes/Ice                    2
   c - Confuse                        Hexes                        3
   d - Tukima's Dance                 Hexes                        3
   e - Dazzling Spray                 Conjuration/Hexes            3
Miscellaneous
 P - a fan of gales
Comestibles
 c - 14 bread rations
 j - 7 meat rations
 x - 9 chunks of flesh
 S - 2 fruits


   Skills:
 - Level 10.4 Fighting
 - Level 11.2 Dodging
 - Level 5.0 Stealth
 - Level 11.2 Unarmed Combat
 - Level 12.0 Spellcasting
 + Level 4.0(7.8) Summonings
 - Level 5.2(9.2) Transmutations
 - Level 0.2(1.2) Ice Magic
 - Level 3.3(6.8) Poison Magic
 - Level 6.7(10.7) Evocations


You had 15 spell levels left.
You knew the following spells:

 Your Spells              Type           Power        Failure   Level  Hunger
a - Beastly Appendage     Tmut           ####..       1%          1    None
b - Sticks to Snakes      Tmut           ####....     1%          2    None
c - Spider Form           Tmut/Pois      ####......   1%          3    None
d - Ice Form              Ice/Tmut       ###.....     8%          4    ###....
e - Blade Hands           Tmut           ####......   3%          5    #####..
f - Summon Hydra          Summ           ###.......   94%         7    #######


Dungeon Overview and Level Annotations

Branches:
Dungeon (11/15)            Temple (1/1) D:7            Lair (6/6) D:11
 Shoals (0/4) Lair:4        Snake (0/4) Lair:2        Slime (0/5) Lair:5
    Orc (0/2) D:11

Altars:
Ashenzari
Cheibriados
Dithmenos
Elyvilon
Fedhas
Gozag
Hepliaklqana
Kikubaaqudgha
Makhleb
Nemelex Xobeh
Okawaru
Qazlal
Ru
Sif Muna
Trog
Uskayaw
Vehumet
Xom
Yredelemnul
Zin
The Shining One
Jiyva

Annotations:
D:11 2 transporters, CitizenNev's ghost, journeyman VSFi
Lair:3 exclusion: 2 oklob plants


Innate Abilities, Weirdness & Mutations

((You can breathe wild blasts of lightning.))
((Your glossy black scales are hard. (AC +8)))
You cannot fit into any form of body armour.
((Your large and strong wings let you fly indefinitely.))
((You are resistant to electric shocks. (rElec)))
((You are cold-blooded and may be slowed by cold attacks.))
((You have a pair of small antennae on your head.))
((You have large cloven feet.))
You are robust. (+10% HP)
Your spells are a little easier to cast, but a little less powerful.


Message History

* * * LOW HITPOINT WARNING * * *
The black mamba bites you.
* * * LOW HITPOINT WARNING * * *
Okay, then.
You feel yourself speed up.
You feel sick. The black mamba misses you. The wolf spider hits you.
* * * LOW HITPOINT WARNING * * *
The wolf spider bites you!
* * * LOW HITPOINT WARNING * * *
The spiny frog completely misses you. The spiny frog stings you!
* * * LOW HITPOINT WARNING * * *
The guardian serpent misses you.
You pummel the spiny frog!!
The spiny frog seems to slow down.
You freeze the spiny frog.
You kill the spiny frog!
Your base Summonings skill increases to level 4!
The black mamba barely misses you. The wolf spider hits you!
* * * LOW HITPOINT WARNING * * *
The wolf spider bites you!
You die...

,,,.....##....#.$!??!$.#....##...
, ,....P##....##.)/$$.##....##P..
, ...P..##....#......#....##,.P.
, .......##...##....##...##, ...
,, ........##...#....#...##, .P.
,,, #...÷{##..##..##..## ,,#. ,,
###....##..#F.#..## , , ##. ,,,
,{{,###...##S#sS#.##, ***.P. , {{
###).†Y#§.###,∆ * ,P.. ,{ {{,,
###FsS...#* * ,, P.. , , {{ ,
##...P..# ,,,,... , ∆ {,
#..P...#* , ... , ,{{{{ {,,
##....##* * ,, ... ,, ,, *∆
###### ,P.. ,, ,, , * ∆* , * , ∆
*... , ,,, * , ∆, * ,,,*##. <* ,,
* ,*, ,, , ,,#.


You could see a wolf spider, a guardian serpent, a black mamba and a spiny frog.

Vanquished Creatures
  The ghost of Liatris the Cleaver, a journeyman DsGl of Uskayaw (Lair:3)
  A minotaur (Lab)
  Josephine (D:10)
  Fannar (Lair:3)
  A catoblepas (Lair:5)
  2 two-headed ogres
  5 hydras
  A shambling mangrove (Lair:5)
  2 ugly things (D:10)
  A wolf spider (Lair:6)
  2 oklob plants (Lair:5)
  A cyclops (D:11)
  12 black mambas
  10 spiny frogs
  2 gargoyles (Lab)
  4 rime drakes
  3 komodo dragons
  2 polar bears (Lair:5)
  4 trolls
  2 hornets (Lair:6)
  Grinder (D:4)
  10 hippogriffs
  6 slime creatures (D:10)
  31 blink frogs
  2 redbacks (Lair:6)
  Sigmund (D:5)
  2 shadows
  2 spriggans (Lair:5)
  10 wyverns
  5 wraiths (D:10)
  3 hogs (D:7)
  22 yaks
  A human (D:7)
  3 basilisks
  A steam dragon (D:8)
  2 insubstantial wisps (D:8)
  3 nagas (Lair:2)
  17 water moccasins
  10 porcupines
  2 black bears
  3 orc warriors
  3 ice beasts
  2 necrophages
  A phantom (D:10)
  7 sky beasts
  An eye of draining (D:9)
  20 wolves
  7 ogres
  9 crocodiles
  A big kobold (D:10)
  An elf zombie (D:5)
  18 bullfrogs
  6 scorpions (Ossuary)
  14 killer bees
  A water moccasin skeleton (D:7)
  8 wights
  4 howler monkeys
  3 electric eels
  2 jellies
  A centaur zombie (D:9)
  5 bullfrog zombies
  3 crimson imps
  A quasit (D:10)
  3 human zombies
  6 hounds
  2 bullfrog skeletons
  4 orc priests
  14 orc wizards
  5 centaur skeletons
  Jessica (D:3)
  2 human skeletons (D:5)
  Ijyb (D:3)
  Natasha (thrice) (D:3)
  Terence (D:2)
  5 worker ants
  4 big kobold zombies (Ossuary)
  A hound zombie (D:11)
  A hound skeleton (D:6)
  2 mummies (Ossuary)
  2 worker ant zombies
  Robin (D:2)
  4 gnolls (D:11)
  A howler monkey skeleton (D:4)
  11 adders
  3 scorpion zombies (Ossuary)
  5 shadow imps
  An ooze (D:4)
  An adder skeleton (D:6)
  4 worms
  2 dart slugs
  4 leopard geckos
  44 orcs
  5 bats
  7 giant cockroaches
  A gnoll zombie (Ossuary)
  21 goblins
  18 hobgoblins
  11 jackals
  10 kobolds
  9 quokkas
  3 ball pythons
  8 frilled lizards
  4 goblin zombies (Ossuary)
  A hobgoblin zombie (Ossuary)
  A kobold zombie (Ossuary)
  A leopard gecko skeleton (D:7)
  An orc skeleton (D:5)
  3 orc zombies
  7 rats
  3 rat zombies (D:4)
565 creatures vanquished.

Vanquished Creatures (collateral kills)
  A hydra (Lair:3)
  A blink frog (Lair:5)
  A yak (D:9)
  A scorpion (Ossuary)
  A mummy (Ossuary)
  A goblin (D:2)
  A gnoll zombie (Ossuary)
7 creatures vanquished.

Vanquished Creatures (others)
  A scorpion (Ossuary)
  An orc zombie (Ossuary)
  8 fungi
  19 plants
29 creatures vanquished.

Grand Total: 601 creatures vanquished

Notes
Turn   | Place    | Note
-------+----------+-------------------------------------------
     0 | D:1      | NoNouf the Draconian Transmuter began the quest for the Orb.
     0 | D:1      | Reached XP level 1. HP: 16/16 MP: 3/3
   300 | D:1      | Found a sparkling altar of Nemelex Xobeh.
   340 | D:1      | Reached XP level 2. HP: 24/24 MP: 3/5
   736 | D:1      | Reached XP level 3. HP: 15/31 MP: 6/6
  1181 | D:2      | Noticed Terence
  1213 | D:2      | Killed Terence
  1221 | D:2      | Reached XP level 4. HP: 30/40 MP: 5/7
  1779 | D:2      | Learned a level 2 spell: Sticks to Snakes
  1872 | D:2      | Noticed Robin
  1903 | D:2      | Reached XP level 5. HP: 37/46 MP: 3/8
  1914 | D:2      | Killed Robin
  2415 | D:3      | Noticed Ijyb
  2442 | D:3      | Killed Ijyb
  2442 | D:3      | Reached skill level 3 in Spellcasting
  2442 | D:3      | Reached XP level 6. HP: 51/52 MP: 8/10
  2585 | D:3      | Noticed Natasha
  2605 | D:3      | Killed Natasha
  2721 | D:3      | Noticed Jessica
  2736 | D:3      | Killed Jessica
  2954 | D:3      | Noticed Natasha
  2971 | D:3      | Killed Natasha
  3022 | D:3      | Noticed Natasha
  3027 | D:3      | Killed Natasha
  3308 | D:4      | Reached skill level 4 in Spellcasting
  3308 | D:4      | Your scales start taking on a glossy black colour.
  3308 | D:4      | Reached XP level 7. HP: 23/59 MP: 10/13
  3308 | D:4      | Gained mutation: You are resistant to electric shocks. (rElec) [Black Draconian growth]
  3554 | D:4      | Learned a level 3 spell: Spider Form
  3591 | D:4      | Found an iron altar of Okawaru.
  3591 | D:4      | Found a hide-covered altar of Uskayaw.
  3604 | D:4      | Found an opulent altar of Gozag.
  3606 | D:4      | Found a blossoming altar of Fedhas.
  3607 | D:4      | Found a basalt altar of Yredelemnul.
  3645 | D:4      | Noticed Grinder
  3645 | D:4      | Paralysed by Grinder for 3 turns
  3661 | D:4      | Killed Grinder
  3847 | D:4      | Got a glittering brass ring
  3868 | D:4      | Identified the ring of Bacufud {rC+ SInv} (You found it on level 4 of the Dungeon)
  4250 | D:4      | Found an ancient bone altar of Kikubaaqudgha.
  4370 | D:4      | Reached skill level 5 in Transmutations
  4595 | D:5      | Entered Level 5 of the Dungeon
  4703 | D:5      | Found a sand-covered staircase.
  4710 | Ossuary  | Entered an ossuary
  5129 | Ossuary  | Reached XP level 8. HP: 64/66 MP: 8/14
  5356 | Ossuary  | Reached skill level 5 in Unarmed Combat
  6302 | D:5      | Noticed Sigmund
  6396 | D:5      | Killed Sigmund
  6681 | D:5      | Reached XP level 9. HP: 71/71 MP: 12/15
  6976 | D:6      | Learned a level 4 spell: Ice Form
  7048 | D:6      | Reached skill level 5 in Dodging
  7225 | D:6      | Found a transporter.
  7237 | D:6      | Found a transporter.
  8427 | D:7      | Found a staircase to the Ecumenical Temple.
  8432 | Temple   | Entered the Ecumenical Temple
  9167 | D:7      | Reached XP level 10. HP: 63/79 MP: 13/16
  9287 | D:7      | Found a snail-covered altar of Cheibriados.
  9509 | D:7      | Found a burning altar of Makhleb.
  9516 | D:7      | Found a shattered altar of Ashenzari.
  9525 | D:7      | Became a worshipper of Ashenzari the Shackled
  9783 | D:8      | Found a sacrificial altar of Ru.
  9991 | D:8      | Noticed a two-headed ogre
 10008 | D:8      | Killed a two-headed ogre
 10008 | D:8      | Reached skill level 5 in Spellcasting
 10100 | D:8      | Gained mutation: Your system is resistant to poisons. (rPois) [potion of mutation]
 10100 | D:8      | Gained mutation: You are clumsy. (Dex -2) [potion of mutation]
 10100 | D:8      | Gained mutation: You are very clumsy. (Dex -4) [potion of mutation]
 10100 | D:8      | Gained mutation: Your mind is acute. (Int +2) [potion of mutation]
 10319 | D:8      | Reached skill level 6 in Spellcasting
 10395 | D:8      | Reached skill level 5 in Fighting
 10414 | D:8      | Gained mutation: You are weak. (Str -2) [mutagenic meat]
 10415 | D:8      | Gained mutation: Your flesh is heat resistant. (rF+) [mutagenic meat]
 10416 | D:8      | Gained mutation: Scrolls take you a little longer to read. [mutagenic meat]
 10417 | D:8      | Gained mutation: You expend magic power (3 MP) to strengthen your wands. [mutagenic meat]
 10933 | D:8      | Reached * piety under Ashenzari
 11255 | D:9      | Reached skill level 1 in Stealth
 11851 | D:9      | Reached skill level 5 in Stealth
 12035 | D:9      | Reached XP level 11. HP: 91/91 MP: 13/20
 12053 | D:9      | Found a sacrificial altar of Ru.
 12380 | D:10     | Entered Level 10 of the Dungeon
 12673 | D:10     | Reached ** piety under Ashenzari
 13129 | D:10     | Reached skill level 1 in Evocations
 13533 | D:10     | Noticed Josephine
 13564 | D:10     | Killed Josephine
 13591 | D:10     | Reached skill level 5 in Evocations
 14517 | D:11     | Found a blossoming altar of Fedhas.
 14525 | D:11     | Found a staircase to the Lair.
 14536 | D:11     | Noticed CitizenNev's ghost (journeyman VSFi)
 14764 | D:11     | Noticed a purple ugly thing
 14782 | D:10     | Noticed a great orb of eyes
 15219 | D:10     | Killed a purple ugly thing
 15223 | D:10     | Lost mutation: You are very clumsy. (Dex -4) [mutagenic meat]
 15224 | D:10     | Gained mutation: Your large and strong wings let you fly indefinitely. [mutagenic meat]
 15225 | D:10     | Gained mutation: You are robust. (+10% HP) [mutagenic meat]
 15662 | D:10     | Lost mutation: You are clumsy. (Dex -2) [mutagenic meat]
 15663 | D:10     | Gained mutation: You tend to lose your temper in combat. [mutagenic meat]
 15666 | D:10     | Lost mutation: Your large and strong wings let you fly indefinitely. [mutagenic meat]
 15692 | D:11     | Found a staircase to the Orcish Mines.
 15713 | D:11     | Noticed a cyan ugly thing
 15775 | D:10     | Killed a purple ugly thing
 15775 | D:10     | Reached XP level 12. HP: 101/114 MP: 10/21
 16017 | D:11     | Noticed a two-headed ogre
 16029 | D:11     | Killed a two-headed ogre
 16029 | D:11     | Reached skill level 10 in Unarmed Combat
 16233 | D:11     | Found a transporter.
 16251 | D:11     | Found a transporter.
 16323 | D:11     | Reached *** piety under Ashenzari
 16498 | Lair:1   | Entered Level 1 of the Lair of Beasts
 16832 | Lair:1   | Noticed an eight-headed hydra
 16841 | Lair:1   | Killed an eight-headed hydra
 17105 | Lair:1   | Learned a level 5 spell: Blade Hands
 17362 | Lair:1   | Reached skill level 10 in Fighting
 17600 | Lair:2   | Found a staircase to the Snake Pit.
 17940 | Lair:2   | Found a labyrinth entrance.
 17947 | Lab      | Entered a labyrinth
 18028 | Lab      | Reached **** piety under Ashenzari
 21268 | Lab      | Noticed a minotaur
 21273 | Lab      | Killed a minotaur
 21273 | Lab      | Reached skill level 7 in Spellcasting
 21275 | Lab      | Identified the amulet "Raurch" {RegenMP rPois rF- MR++ Str+4}
 21599 | Lair:2   | Reached skill level 8 in Spellcasting
 22183 | Lair:3   | Noticed Liatris's ghost (journeyman DsGl)
 22196 | Lair:3   | Killed Liatris's ghost
 22196 | Lair:3   | Reached skill level 9 in Spellcasting
 22234 | Lair:3   | Noticed Fannar
 22249 | Lair:3   | Killed Fannar
 22249 | Lair:3   | Reached XP level 13. HP: 107/125 MP: 22/26
 22500 | Lair:3   | Reached ***** piety under Ashenzari
 22715 | Lair:3   | HP: 1/150 [eight-headed hydra (12)]
 23178 | Lair:3   | Reached skill level 10 in Spellcasting
 24326 | Lair:4   | Found a staircase to the Shoals.
 24491 | Lair:4   | Reached skill level 11 in Spellcasting
 25577 | Lair:5   | Found a viscous altar of Jiyva.
 25577 | Lair:5   | Found a staircase to the Slime Pits.
 26018 | Lair:6   | Entered Level 6 of the Lair of Beasts
 26078 | Lair:5   | Reached skill level 12 in Spellcasting
 27331 | Lair:5   | Reached skill level 10 in Dodging
 27601 | Lair:6   | Gained mutation: Your large and strong wings let you fly indefinitely. [Black Draconian growth]
 27601 | Lair:6   | Reached XP level 14. HP: 49/134 MP: 30/30
 28431 | Lair:6   | Identified the Guide on Ice and Calling
 28441 | Lair:6   | Learned a level 7 spell: Summon Hydra
 28453 | Lair:6   | Reached skill level 1 in Summonings
 28643 | Lair:6   | Lost mutation: You are weak. (Str -2) [potion of mutation]
 28643 | Lair:6   | Lost mutation: Your system is resistant to poisons. (rPois) [potion of mutation]
 28643 | Lair:6   | Lost mutation: You tend to lose your temper in combat. [potion of mutation]
 28643 | Lair:6   | Lost mutation: Your flesh is heat resistant. (rF+) [potion of mutation]
 28643 | Lair:6   | Lost mutation: You expend magic power (3 MP) to strengthen your wands. [potion of mutation]
 28643 | Lair:6   | Lost mutation: Scrolls take you a little longer to read. [potion of mutation]
 28643 | Lair:6   | Gained mutation: Your spells are a little easier to cast, but a little less powerful. [potion of mutation]
 28643 | Lair:6   | Gained mutation: You have a pair of small antennae on your head. [potion of mutation]
 28643 | Lair:6   | Lost mutation: Your mind is acute. (Int +2) [potion of mutation]
 28643 | Lair:6   | Gained mutation: You have large cloven feet. [potion of mutation]
 28689 | Lair:6   | Identified the ring of Kindness {rF- rN++ AC+5}
 28837 | Lair:6   | HP: 2/160 [wolf spider (7)]
 28837 | Lair:6   | Mangled by a wolf spider

Skill      XL: |  1  2  3  4  5  6  7  8  9 10 11 12 13 14 |
---------------+-------------------------------------------+-----
Fighting       | 2 3 4 6 9 10 | 10.4
Dodging        | 2 3 8 9 10 11 | 11.2
Spellcasting   | 3 4 6 9 12 | 12.0
Transmutations | 3 4 5 |  5.2
Poison Magic   | 3 |  3.3
Unarmed Combat | 4 8 9 11 | 11.2
Stealth        | 5 |  5.0
Evocations     | 6 |  6.7
Summonings     | 4 |  4.0
Ice Magic      | |  0.2

Action                   |  1- 3 |  4- 6 |  7- 9 | 10-12 | 13-15 || total
-------------------------+-------+-------+-------+-------+-------++-------
Melee: Unarmed           |   149 |   347 |   600 |  1079 |   384 ||  2559
       Tailslap          |    17 |    40 |    92 |    67 |    32 ||   248
       Headbutt          |    14 |    29 |    62 |    41 |     2 ||   148
       Punch             |     1 |     4 |    20 |    27 |    11 ||    63
       Dagger            |       |       |     2 |     1 |       ||     3
 Cast: Beastly Appendage |    10 |    23 |    28 |    27 |     3 ||    91
       Sticks to Snakes  |       |     4 |    11 |    29 |     8 ||    52
       Spider Form       |       |       |     9 |    39 |       ||    48
       Ice Form          |       |       |       |    14 |    22 ||    36
       Blade Hands       |       |       |       |    11 |    25 ||    36
Invok: Curse Item        |       |       |       |     4 |       ||     4
 Abil: Breathe Lightning |       |       |     4 |     5 |       ||     9
       End Transformatio |       |       |       |       |     2 ||     2
Evoke: Wand              |       |     1 |     1 |     9 |    19 ||    30
  Use: Scroll            |     2 |     3 |    13 |     7 |     5 ||    30
       Potion            |       |     1 |     1 |    11 |     5 ||    18
 Stab: Sleeping          |     1 |     1 |     4 |    10 |     6 ||    22
       Distracted        |       |       |     1 |     2 |     2 ||     5
       Confused          |       |       |       |       |     3 ||     3
  Eat: Chunk             |     1 |     9 |     5 |    44 |    22 ||    81
       Fruit             |       |       |     9 |     7 |     3 ||    19
       Bread ration      |       |       |     2 |     1 |       ||     3
       Royal jelly       |       |       |     1 |     3 |     2 ||     6
Armor: Skin              |    42 |   101 |   100 |   172 |    54 ||   469
Dodge: Dodged            |    86 |   174 |   352 |   887 |   278 ||  1777
